 Dungeon Crawl Stone Soup version 0.28-b1-25-g9875b3fc8c (webtiles) character file.

Game seed: 5568443151421492616

144 guess the Cudgeller (level 5, -9/44 HPs)
             Began as a Minotaur Gladiator on Feb 3, 2022.
             Mangled by a black bear (11 damage)
             ... on level 4 of the Dungeon.
             The game lasted 00:05:27 (2591 turns).

guess the Cudgeller (Minotaur Gladiator)            Turns: 2591, Time: 00:05:27

Health: -9/44      AC:  4    Str: 20    XL:     5   Next: 5%
Magic:  4/4        EV: 13    Int:  5    God:
Gold:   128        SH:  0    Dex: 12    Spells: 4/4 levels left

rFire   . . .      SeeInvis .   a - +0 flail
rCold   . . .      Faith    .   (no shield)
rNeg    . . .      Spirit   .   b - +1 leather armour
rPois   .          Reflect  .   c - +0 hat
rElec   .          Harm     .   (no cloak)
rCorr   .          Rampage  .   (no gloves)
Will    .....                   (no boots)
Stlth   +.........              (no amulet)
HPRegen 0.14/turn               (no ring)
MPRegen 0.09/turn               (no ring)

@: no status effects
A: horns 2, retaliatory headbutt
a: no special abilities


You were on level 4 of the Dungeon.
You visited 1 branch of the dungeon, and saw 4 of its levels.

You collected 128 gold pieces.

Inventory:

Hand Weapons
 a - a +0 flail (weapon)
 g - a +0 shortbow
Missiles
 d - 3 throwing nets (quivered)
 e - an arrow
Armour
 b - a +1 leather armour (worn)
 c - a +0 hat (worn)
Scrolls
 f - a scroll of amnesia
 h - a scroll of immolation {unknown}
 i - 3 scrolls of silence
Potions
 j - a potion of haste {unknown}


   Skills:
 + Level 2.9 Fighting
 + Level 5.7 Maces & Flails
 + Level 2.1 Throwing
 + Level 1.0 Armour
 + Level 4.2 Dodging
 + Level 0.1 Stealth


You had 4 spell levels left.
You didn't know any spells.
Your spell library was empty.

Dungeon Overview and Level Annotations

Branches:
Dungeon (4/15)
 Temple: D:4-7

Altars:
The Shining One

Shops:
D:3 [


Innate Abilities, Weirdness & Mutations

You have a pair of horns on your head.
You reflexively headbutt those who attack you in melee.


Message History

There are monsters nearby!
You feel much better. The orc misses you. The black bear bites you!
The black bear misses you. The black bear claws you.
The black bear closely misses you. x2; The black bear barely misses you.
The black bear closely misses you. The black bear claws you.
The black bear claws you but does no damage.
The black bear barely misses you.
The black bear claws you but does no damage.
The black bear closely misses you.
The black bear bites you but does no damage.
The black bear closely misses you. The black bear claws you.
The black bear closely misses you. x2; The black bear claws you.
* * * LOW HITPOINT WARNING * * *
A hound skeleton comes into view.
The black bear closely misses you.
The black bear claws you but does no damage.
The black bear completely misses you.
The black bear rages.
The black bear misses you. The black bear barely misses you.
The black bear closely misses you.
The black bear bites you but does no damage.
The black bear misses you. x2
Really attack while wielding your +0 shortbow? [Y]es or [N]o only, please.
Really attack while wielding your +0 shortbow? [Y]es or [N]o only, please.
Really attack while wielding your +0 shortbow? [Y]es or [N]o only, please.
Really attack while wielding your +0 shortbow?
Okay, then.
a - a +0 flail (weapon)
The black bear bites you!
* * * LOW HITPOINT WARNING * * *
The black bear claws you but does no damage.
The black bear closely misses you. The hound skeleton bites you.
* * * LOW HITPOINT WARNING * * *
You hit the hound skeleton.
The hound skeleton is lightly damaged.
The black bear bites you!
You die...

..#### ##### .# .....# #... ..
..##.###.# .## ..##.#...### ..#
..##.......## #.# ###.
####........## #.# ....
#..........# ######.##..#...
.............####.ho..........#
...............Z@h####(#(##..##
###............#### #(#..!
#..........#....# #(#..(.. .
##........#####.# ..........
#..........# .# #.#.....<.
#...........# .....(..(...
.............. ...#......(
.........###..# .......... ..


You could see 2 black bears, an orc and a hound skeleton.

Vanquished Creatures
  An iguana (D:4)
  Terence (D:2)
  A gnoll (D:1)
  3 adders
  3 worms
  An orc (D:3)
  2 endoplasms
  A giant cockroach (D:2)
  3 goblins
  5 hobgoblins
  4 quokkas
  5 ball pythons
  4 bats
  6 frilled lizards
  10 kobolds
  6 rats
56 creatures vanquished.

Vanquished Creatures (others)
  6 plants (D:1)
6 creatures vanquished.

Grand Total: 62 creatures vanquished

Notes
Turn   | Place    | Note
-------+----------+-------------------------------------------
     0 | D:1      | guess the Minotaur Gladiator began the quest for the Orb.
     0 | D:1      | Reached XP level 1. HP: 18/18 MP: 0/0
    80 | D:1      | Reached skill level 4 in Maces & Flails
    80 | D:1      | Reached XP level 2. HP: 19/25 MP: 1/1
   832 | D:1      | Found a faded altar of an unknown god.
  1105 | D:2      | Noticed Terence
  1113 | D:2      | Killed Terence
  1114 | D:2      | Reached XP level 3. HP: 25/30 MP: 2/2
  1554 | D:2      | Reached XP level 4. HP: 37/37 MP: 3/3
  1783 | D:3      | Found a glowing golden altar of the Shining One.
  2129 | D:3      | Reached skill level 5 in Maces & Flails
  2154 | D:3      | Found Ucvisiugh's Antique Armour Boutique.
  2206 | D:3      | Reached skill level 1 in Armour
  2567 | D:4      | Reached XP level 5. HP: 43/44 MP: 4/4
  2572 | D:4      | Noticed a black bear
  2574 | D:4      | Noticed a black bear
  2590 | D:4      | HP: 2/44 [black bear (7)]
  2591 | D:4      | Mangled by a black bear

Illustrated notes

Levels and vault maps discovered:
D:1:      shiori_arrival_maze, layout_basic,
          shapermc_ecumenical_altar_hornbeckon, minmay_misc_feat_square,
          lexackson_kobold_supper
D:2:      layout_basic, uniq_terence
D:3:      layout_rooms, lemuel_crystal_altar, serial_shops,
          nicolae_shop_advertising_works [nicolae_subvault_shop_adworks],
          corexii_shack
D:4:      layout_rooms

Skill      XL: |  1  2  3  4 |
---------------+-------------+-----
Maces & Flails | 4 5 |  5.7
Dodging        | 4 |  4.2
Armour         | 1 |  1.0
Fighting       | |  2.9
Throwing       | |  2.1
Stealth        | |  0.1

Action                   |  1- 3 |  4- 6 || total
-------------------------+-------+-------++-------
Melee: Flail             |    46 |    45 ||    91
       Headbutt          |     5 |     3 ||     8
       Punch             |     2 |       ||     2
 Fire: Shortbow          |       |    31 ||    31
  Use: Scroll            |       |     7 ||     7
       Potion            |       |     4 ||     4
Armor: Leather armour    |     9 |    21 ||    30
Dodge: Dodged            |    33 |    77 ||   110
